AoeStats
← evrenos

Black Forest

504268490Analyzed
2v2 RM · 27d ago on Sep 4, 2026· 39m 53s· 4 players
Game mode
Random Map
Map size
Medium (4 player)
Population
200
Speed
Normal
Resources
Standard
Victory
Conquest
Starting age
Dark Age
Ending age
Imperial Age
RankedLock teamsTeams togetherTeam positionsShared explorationLock speedFull tech treeHidden civsTurbo modeCheats
Victory
Defeat
🇹🇷 Lithuanians · Türkiye
1084
+14
🇹🇷 Turks · Türkiye
1030
+17
🇺🇸 Britons · United States
1072
-16
🇺🇸 Mongols · United States
1026
-15
Jarl Pajeet_Singh
0:39 Loom
13:12 Feudal Age
18:21 Castle Age
16:24 Double-Bit Axe
17:40 Horse Collar
18:02 Gold Mining
19:27 Bow Saw
28:05 Wheelbarrow
29:06 Town Watch
30:36 Fortified Wall
31:23 Hand Cart
32:29 Heavy Plow
36:50 Imperial Age
35:22 Town Patrol
35:29 Scale Barding Armor
35:35 Forging
35:40 Masonry
37:40 Chain Barding Armor
37:55 Iron Casting
38:04 Gold Shaft Mining
38:40 Husbandry
38:50 Bloodlines
GLD_PLZ
0:54 Loom
12:13 Feudal Age
13:03 Double-Bit Axe
16:42 Castle Age
15:42 Gold Mining
17:51 Bow Saw
23:25 Wheelbarrow
22:18 Crossbowman
22:51 Fletching
23:41 Stone Mining
25:09 Bodkin Arrow
29:18 Wheelbarrow
29:12 Squires
29:51 Pikeman
30:44 Horse Collar
31:21 Hand Cart
31:08 Town Watch
32:19 Town Patrol
35:29 Imperial Age
34:00 Heavy Plow
35:01 Gold Shaft Mining
34:59 Yeomen
35:08 Padded Archer Armor
35:54 Caravan
36:28 Coinage
35:33 Halberdier
37:06 Scale Mail Armor
37:17 Forging
39:12 Chain Mail Armor
39:32 Iron Casting
braveheart
1:04 Loom
11:33 Feudal Age
13:27 Double-Bit Axe
13:26 Horse Collar
16:31 Horse Collar
19:32 Castle Age
20:31 Horse Collar
21:52 Bow Saw
21:56 Heavy Plow
28:18 Wheelbarrow
31:43 Imperial Age
30:51 Hand Cart
37:04 Padded Archer Armor
36:55 Fletching
37:15 Forging
37:06 Scale Mail Armor
37:59 Conscription
evrenos
0:53 Loom
10:38 Feudal Age
15:30 Castle Age
14:18 Double-Bit Axe
15:39 Horse Collar
22:18 Wheelbarrow
21:33 Town Watch
26:41 Bow Saw
30:29 Imperial Age
29:31 Heavy Plow
29:57 Scale Barding Armor
31:16 Bloodlines
31:07 Husbandry
31:20 Forging
31:31 Chain Barding Armor
32:36 Conscription
32:58 Hand Cart
32:27 Elite Leitis
34:45 Plate Barding Armor
37:34 Iron Casting
36:49 Fletching
Connection lost

Rejoining the realm…

Still unreachable

The connection could not be restored.

Session expired

The server has moved on; the page needs a fresh start.